Map: Abyssal Reef LE

Players

SortOf - Winner!

  • Race: Zerg Zerg
  • League: Grandmaster
  • Spawn Location: 5:00

Stephano

  • Race: Zerg Zerg
  • League: Grandmaster
  • Spawn Location: 11:00

VOD

Have the link to the VOD?

Description

Time

  • Played on: Oct. 10, 2017, 10:11 a.m.
  • Length: 4:03
Show
View Real Time Build Order
Export as new Build Order

SortOf Zerg - Winner!

Build Orders: Pool First 

Get SALT Encoding   

  12  0:00  Drone  
  13  0:13  Overlord  
  13  0:17  Drone  
  14  0:31  Drone x2  
  16  0:41  Spawning Pool  
  15  0:45  Drone  
  16  0:51  Drone  
  17  0:58  Extractor  
  17  0:59  Drone  
  17  1:10  Drone  
  18  1:21  Hatchery  
  17  1:29  Zergling x4  
  19  1:38  Queen  
  21  1:40  Zergling x2  
  22  1:50  Extractor  
  22  1:51  Zergling x2  
  23  2:06  Overlord  
  22  2:12  Metabolic Boost  
  21  2:19  Zergling x2  
  21  2:27  Queen  
  23  2:31  Zergling x2  
  25  2:37  Zergling x4  
  26  2:47  Zergling x2  
  26  2:48  Zergling x2  
  28  2:55  Zergling x4  
  28  2:57  Zergling x2  
  31  3:02  Zergling x2  
  30  3:06  Zergling x4  
  30  3:12  Zergling x2  
  32  3:16  Zergling x2  
  33  3:23  Zergling x4  
  33  3:24  Zergling x2  
  35  3:31  Overlord  
  35  3:38  Zergling x2  
Show
View Real Time Build Order
Export as new Build Order

Stephano Zerg 

Build Orders: Pool First 

Get SALT Encoding   

  12  0:18  Spawning Pool  
  11  0:22  Drone  
  11  0:26  Drone  
  13  0:31  Drone  
  14  0:41  Overlord  
  14  1:04  Zergling x4  
  14  1:05  Zergling x2  
  17  1:16  Zergling x2  
  18  1:20  Hatchery  
  17  1:27  Zergling x2  
  18  1:34  Queen  
  18  1:38  Drone  
  21  1:42  Extractor  
  20  1:48  Overlord  
  20  2:00  Drone  
  20  2:11  Drone  
  20  2:21  Drone  
  20  2:23  Queen  
  21  2:32  Drone  
  21  2:34  Queen, Drone  
  25  2:42  Overlord  
  25  2:51  Baneling Nest  
  25  2:55  Zergling x2  
  25  2:59  Zergling x2  
  25  3:05  Zergling x2  
  24  3:14  Drone x3  
  27  3:20  Drone  
  28  3:28  Drone  
  28  3:32  Zergling x2  
  30  3:38  Baneling  
Tags
 
Add a new tag
Caveats
  • Supply blocks, unpowered buildings, or Contaminate may cause inaccurate times.
  • Supply counts are checked every 10 seconds.